 Dungeon Crawl Stone Soup version 0.26-a0-812-g31a745ddcd (webtiles) character file.

Game seed: 3952208941941456017

19208 kae the Zephyrmancer (level 12, -8/72 HPs)
             Began as a Tengu Air Elementalist on Dec 8, 2020.
             Was an Elder of Sif Muna.
             Mangled by a yak (10 damage)
             ... on level 2 of the Lair of Beasts.
             The game lasted 00:20:39 (23474 turns).

kae the Zephyrmancer (Tengu Air Elementalist)      Turns: 23474, Time: 00:20:39

Health: -8/72      AC:  8    Str:  8    XL:     12   Next: 66%
Magic:  5/23       EV: 22    Int: 19    God:    Sif Muna [****..]
Gold:   779        SH:  0    Dex: 17    Spells: 9/24 levels left

rFire    . . .     SeeInvis .   c - +1 spear (vorpal)
rCold    . . .     Faith    .   (no shield)
rNeg     . . .     Spirit   .   a - +1 robe
rPois    .         Reflect  .   (helmet restricted)
rElec    .         Harm     .   (no cloak)
rCorr    .         Rampage  .   q - +0 pair of gloves {archery}
MR       .....                  (boots unavailable)
Stlth    ++........             o - amulet of the acrobat
HPRegen  0.22/turn              r - +4 ring of protection
MPRegen  0.18/turn              v - +4 ring of evasion

@: no status effects
A: beak, talons 3, able to fly
a: Fly, Channel Magic, Forget Spell, Divine Exegesis, Renounce Religion


You were on level 2 of the Lair of Beasts.
You worshipped Sif Muna.
Sif Muna was greatly pleased with you.
You visited 2 branches of the dungeon, and saw 13 of its levels.

You collected 779 gold pieces.

Inventory:

Hand Weapons
 c - a +1 vorpal spear (weapon)
Armour
 a - a +1 robe (worn)
 q - a +0 pair of gloves of archery (worn)
Jewellery
 b - an uncursed ring of poison resistance
 d - an uncursed ring of protection from fire
 g - an uncursed ring of ice
 h - a cursed +6 ring of dexterity
 o - an amulet of the acrobat (around neck)
 r - a +4 ring of protection (left hand)
 v - a +4 ring of evasion (right hand)
 w - an uncursed ring of ice
 H - an uncursed ring of stealth
Wands
 y - a wand of acid (8)
 z - a wand of random effects (24)
 A - a wand of enslavement (16)
 F - a wand of iceblast (9)
 L - a wand of polymorph (5)
Scrolls
 j - 9 scrolls of remove curse
 n - a scroll of immolation {unknown}
 u - 5 scrolls of identify
 x - 2 scrolls of teleportation
 B - a scroll of blinking
 D - 2 scrolls of amnesia
 M - a scroll of enchant armour
 N - a scroll of enchant weapon
Potions
 e - a potion of invisibility
 f - a potion of attraction
 i - a potion of haste
 k - 2 potions of brilliance
 l - 5 potions of heal wounds
 m - 6 potions of curing
 p - a potion of degeneration
 s - 4 potions of might
 t - 3 potions of lignification
 C - a potion of ambrosia
 E - 2 potions of berserk rage


   Skills:
 + Level 7.3 Fighting
 + Level 8.3 Dodging
 - Level 2.0 Stealth
 + Level 6.9 Spellcasting
 * Level 13.3 Conjurations
 * Level 13.7 Air Magic
 + Level 6.1 Invocations


You had 9 spell levels left.
You knew the following spells:

 Your Spells              Type           Power        Failure   Level
a - Shock                 Conj/Air       ####         1%          1
b - Static Discharge      Conj/Air       ######..     1%          3
c - Swiftness             Air            ######..     1%          2
d - Airstrike             Air            ######....   1%          4
e - Lightning Bolt        Conj/Air       ######....   1%          5

Your spell library contained the following spells:

 Spells                   Type           Power        Failure   Level
 Conjure Flame            Conj/Fire      ####....     1%          3
 Dazzling Flash           Conj/Hex       ####..       1%          3
 Stone Arrow              Conj/Erth      ####..       1%          3
 Summon Lightning Spire   Summ/Air       ####....     6%          4
 Conjure Ball Lightning   Conj/Air       ######....   6%          6
 Hailstorm                Conj/Ice       ####....     7%          4
 Sticky Flame             Conj/Fire      ####....     7%          4
 Animate Skeleton         Necr           #.....       11%         1
 Apportation              Tloc           #.....       11%         1
 Corona                   Hex            #......      11%         1
 Sandblast                Erth           #.....       11%         1
 Summon Small Mammal      Summ           #...         11%         1
 Passwall                 Tmut/Erth      #.......     16%         2
 Silence                  Hex/Air        ####......   17%         5
 Animate Dead             Necr           #.........   71%         4
 Petrify                  Tmut/Erth      #.......     71%         4
 Borgnjor's Vile Clutch   Necr/Erth      #.........   96%         5
 Lee's Rapid Deconstruct  Erth           #.........   96%         5
 Death Channel            Necr           #.........   100%        6
 Simulacrum               Ice/Necr       #.........   100%        6
 Dragon Form              Tmut           #.........   100%        7
 Tornado                  Air            ######....   100%        9


Dungeon Overview and Level Annotations

Branches:
Dungeon (11/15)            Temple (0/1) D:7            Lair (2/6) D:11
    Orc (0/2) D:10
  Swamp: Lair:2-4    Shoals: Lair:2-4     Snake: Lair:2-4    Spider: Lair:2-4

Altars:
Cheibriados
Kikubaaqudgha
Nemelex Xobeh
Ru
Sif Muna
Trog

Shops:
D:11 :

Annotations:
D:3 Grinder
D:4 3 runed translucent doors, Dracia's ghost, amateur DsAM; HoaS's ghost, amateur GrFi; kae's ghost, amateur HOFi; p0werm0de's ghost, amateur PaWr
D:10 exclusion: door


Innate Abilities, Weirdness & Mutations

You have a beak for a mouth.
You have claws for feet.
You can fly continuously.


Message History

The yak is struck by an arc of lightning!
The yak is severely wounded.
The yak is struck by an arc of lightning.
The yak is severely wounded.
The lightning grounds out.
The yak is struck by an arc of lightning!
The yak is heavily wounded.
The yak is struck by an arc of lightning.
The yak is severely wounded.
The lightning grounds out.
The yak is struck by an arc of lightning!
You kill the yak!
Sif Muna accepts your kill.
The plant is struck by an arc of lightning!
The plant begins to die.
The plant is lightly damaged.
The yak is struck by an arc of lightning!
The yak is severely wounded.
The lightning grounds out.
The yak barely misses you. x2; The yak gores you!
You die...

,* #P.....#*##......)..........,,
,###....##.##..................,,
##...P.##*##....#.#.##.########,,
#.....#####....#########*********
#>...## #P....## *####*#*,,**,,**
#.....###.....####...#..,,,,,,,**
....(..#.....##.......#.,,,,,,,,,
....#........##..Y......,,,,,,,,,
...##.........#.@..P..#,,*,,,,,,,
...#......#P...YYYP.#...,,*,,,,,,
...###...####.....###*,,,***,**,,
...###...P#.....###**,,,,,,*****,
.....#...*##....#***,,,,,,,,*****
.........,#P....#*,,,,,,,,,,,,,**
##......,*#....#.*,,,,,,,,,,,,***
§#§..#..,,##...##.,,,,,,,,,,,,*,,
§§..##..,,*.#...,,,,,,,,,,,,,****


You could see 4 yaks.

Vanquished Creatures
  A hydra (Lair:1)
  3 two-headed ogres
  An unseen horror (D:9)
  A deep elf mage (D:9)
  A black mamba (Lair:1)
  Psyche (D:11)
  A gargoyle (D:9)
  A centaur skeleton (D:11)
  2 cane toads
  2 komodo dragons (Lair:1)
  Maggie (D:7)
  A troll (D:9)
  A hornet (D:11)
  A shadow (D:11)
  A vampire (D:11)
  4 wyverns
  2 wraiths
  28 yaks
  10 water moccasins
  3 ice beasts
  Duvessa (D:6)
  7 orc warriors
  A hornet zombie (D:9)
  2 sky beasts
  2 necrophages
  An eye of draining (D:11)
  7 ogres
  A phantom (D:8)
  7 centaurs
  3 big kobolds
  13 bullfrogs
  2 gnoll sergeants
  Dowan (D:6)
  3 scorpions
  4 killer bees (D:10)
  3 wights (D:11)
  2 electric eels (Lair:1)
  4 howler monkeys
  A bullfrog zombie (D:4)
  2 centaur zombies
  11 hounds
  12 orc wizards
  11 orc priests
  Jessica (D:3)
  2 iguanas
  7 worker ants
  A killer bee zombie (D:8)
  A hound zombie (D:8)
  2 howler monkey skeletons
  4 adders
  22 gnolls
  A hound simulacrum (D:9)
  A shadow imp (D:4)
  A white imp (D:8)
  2 ufetubi
  An ooze (D:3)
  An adder skeleton (D:4)
  A dart slug (D:1)
  6 worms
  9 leopard geckos
  65 orcs
  6 giant cockroaches
  4 goblins
  2 hobgoblins
  23 jackals
  3 quokkas
  2 ball pythons
  6 bats
  4 frilled lizards
  14 kobolds
  8 rats
367 creatures vanquished.

Vanquished Creatures (others)
  9 fungi
  21 plants
  2 withered plants (D:4)
32 creatures vanquished.

Grand Total: 399 creatures vanquished

Notes
Turn   | Place    | Note
-------+----------+-------------------------------------------
     0 | D:1      | kae the Tengu Air Elementalist began the quest for the Orb.
     0 | D:1      | Reached XP level 1. HP: 10/10 MP: 4/4
   492 | D:1      | Reached XP level 2. HP: 13/15 MP: 1/6
  1268 | D:2      | Reached XP level 3. HP: 15/20 MP: 0/7
  1273 | D:2      | Learned a level 3 spell: Static Discharge
  1702 | D:2      | Reached skill level 1 in Fighting
  1934 | D:2      | Found a bloodstained altar of Trog.
  1967 | D:2      | Reached XP level 4. HP: 23/25 MP: 8/8
  2034 | D:3      | Noticed Jessica
  2043 | D:3      | Killed Jessica
  2324 | D:2      | Reached skill level 5 in Air Magic
  2565 | D:3      | Noticed Grinder
  2782 | D:3      | Found a sparkling altar of Nemelex Xobeh.
  3443 | D:4      | Learned a level 2 spell: Swiftness
  3476 | D:4      | Gained mutation: You can fly continuously. [Tengu growth]
  3476 | D:4      | Reached XP level 5. HP: 26/29 MP: 2/9
  3873 | D:4      | Found a runed translucent gate.
  3873 | D:4      | Found a runed translucent gate.
  3879 | D:4      | Noticed Dracia's ghost (amateur DsAM)
  3882 | D:4      | Noticed HoaS's ghost (amateur GrFi)
  3883 | D:4      | Found a runed translucent gate.
  3883 | D:4      | Noticed p0werm0de's ghost (amateur PaWr)
  3884 | D:4      | Noticed kae's ghost (amateur HOFi)
  4097 | D:4      | Noticed a water moccasin
  4110 | D:4      | Killed a water moccasin
  4110 | D:4      | Reached XP level 6. HP: 10/35 MP: 0/11
  4497 | D:5      | Entered Level 5 of the Dungeon
  4931 | D:4      | Learned a level 4 spell: Airstrike
  4943 | D:5      | Reached skill level 5 in Conjurations
  4943 | D:5      | Reached XP level 7. HP: 10/40 MP: 6/12
  5216 | D:5      | Found a shimmering blue altar of Sif Muna.
  5219 | D:5      | Became a worshipper of Sif Muna the Loreminder
  5459 | D:5      | Found an ancient bone altar of Kikubaaqudgha.
  5588 | D:5      | Reached skill level 1 in Invocations
  5982 | D:5      | Reached XP level 8. HP: 45/45 MP: 5/14
  6904 | D:6      | Reached * piety under Sif Muna
  7513 | D:6      | Noticed Duvessa
  7524 | D:6      | Killed Duvessa
  7524 | D:6      | Reached XP level 9. HP: 38/50 MP: 10/16
  7536 | D:6      | Noticed Dowan
  7541 | D:6      | Killed Dowan
  7816 | D:6      | Reached skill level 5 in Dodging
  8260 | D:6      | Found a sparkling altar of Nemelex Xobeh.
  8848 | D:6      | Reached ** piety under Sif Muna
  9070 | D:7      | Noticed Maggie
  9101 | D:7      | Found a staircase to the Ecumenical Temple.
  9288 | D:7      | Killed Maggie
 10502 | D:8      | Reached skill level 10 in Air Magic
 10600 | D:8      | Reached XP level 10. HP: 56/56 MP: 7/18
 11134 | D:8      | Reached skill level 5 in Spellcasting
 11889 | D:8      | Reached *** piety under Sif Muna
 11889 | D:8      | Reached skill level 5 in Fighting
 12464 | D:9      | Reached skill level 10 in Conjurations
 12992 | D:9      | Noticed a gargoyle
 13001 | D:9      | Killed a gargoyle
 13244 | D:9      | Killed an unseen horror
 13339 | D:9      | Noticed a deep elf mage
 13346 | D:9      | Killed a deep elf mage
 13779 | D:9      | Reached XP level 11. HP: 64/64 MP: 3/20
 13939 | D:9      | Found a snail-covered altar of Cheibriados.
 14042 | D:10     | Entered Level 10 of the Dungeon
 15018 | D:10     | Reached **** piety under Sif Muna
 15028 | D:10     | Noticed a two-headed ogre
 15400 | D:10     | Killed a two-headed ogre
 15549 | D:10     | Found a staircase to the Orcish Mines.
 17126 | D:10     | Learned a level 5 spell: Lightning Bolt
 17167 | D:11     | Noticed a two-headed ogre
 17172 | D:11     | Killed a two-headed ogre
 17172 | D:11     | Reached skill level 5 in Invocations
 17679 | D:11     | Noticed a two-headed ogre
 17683 | D:11     | Reached ***** piety under Sif Muna
 17689 | D:11     | Identified Noil's Handbook of Conjuration and Moulding (Sif
                  | Muna gifted it to you on level 11 of the Dungeon)
 17689 | D:11     | Received a gift from Sif Muna
 18571 | D:10     | Killed a two-headed ogre
 19449 | D:11     | Reached XP level 12. HP: 65/71 MP: 9/22
 19469 | D:11     | Noticed Psyche
 19547 | D:11     | Found a staircase to the Lair.
 19608 | D:11     | Killed Psyche
 19796 | D:11     | Found Etuwutwa's Book Emporium.
 20055 | D:11     | Found a sacrificial altar of Ru.
 20496 | Lair:1   | Entered Level 1 of the Lair of Beasts
 22521 | Lair:1   | Noticed a six-headed hydra
 22532 | Lair:1   | Killed a six-headed hydra
 23473 | Lair:2   | HP: 2/72 [yak (8)]
 23474 | Lair:2   | Mangled by a yak

Illustrated notes

Levels and vault maps discovered:
D:1:      arrival_zaba_pyramid, layout_basic
D:2:      layout_rooms, trog_butcher_becter
D:3:      layout_loops_ring, nemelex_spade_bored_becter, uniq_jessica,
          uniq_grinder
D:4:      layout_cave_pools, gammafunk_ghost_cemetery
D:5:      layout_cave_pools, lemuel_blue_sif_altar, basic_altar,
          grunt_decor_mini_mirrors, kennysheep_opposing_triangles
D:6:      layout_gridville, nemelex_diamond_rough_becter, uniq_duvessa
D:7:      layout_cave_pools, temple_pool_b, uniq_maggie
D:8:      layout_cave_pods
D:9:      minmay_cut_squares, layout_long_grid, basic_altar,
          kennysheep_generic_room_4
D:10:     layout_irregular_city, hiddenorc2_lemuel,
          hangedman_abyss_or_decor_stabs
D:11:     layout_big_octagon, minmay_lair_entry_grove, serial_shops,
          nicolae_shop_behind_doors, nicolae_ru_awakened_eye, uniq_psyche
Lair:1:   layout_loops_ring, grunt_forest_small_clearings,
          eino_small_chamber_without_monster, serial_bayou_lagoon_b
Lair:2:   layout_concentric_octagons

Skill      XL: |  1  2  3  4  5  6  7  8  9 10 11 12 |
---------------+-------------------------------------+-----
Conjurations   | 2 3 4 5 6 7 9 10 12 13 | 13.3
Fighting       | 1 2 3 4 5 6 7 |  7.3
Air Magic      | 5 6 7 8 10 11 12 13 | 13.7
Dodging        | 3 4 5 6 7 8 |  8.3
Spellcasting   | 3 4 5 6 |  6.9
Invocations    | 1 2 3 4 5 6 |  6.1
Stealth        | |  2.0

Action                   |  1- 3 |  4- 6 |  7- 9 | 10-12 || total
-------------------------+-------+-------+-------+-------++-------
Melee: Kick              |     4 |    16 |    13 |    31 ||    64
       Unarmed           |     3 |       |       |       ||     3
       Spear             |    19 |    58 |    69 |    82 ||   228
       Peck              |     1 |     3 |     9 |    13 ||    26
 Cast: Shock             |    59 |    80 |   298 |   389 ||   826
       Static Discharge  |       |     1 |    19 |    76 ||    96
       Airstrike         |       |       |    12 |   148 ||   160
       Swiftness         |       |       |     1 |     7 ||     8
       Lightning Bolt    |       |       |       |     7 ||     7
Invok: Channel Magic     |       |       |     1 |     3 ||     4
  Use: Potion            |     2 |     2 |       |     1 ||     5
       Scroll            |     2 |     8 |     7 |     8 ||    25
 Stab: Sleeping          |     1 |     3 |       |       ||     4
Armor: Robe              |     5 |    17 |    54 |    67 ||   143
Dodge: Dodged            |    27 |    57 |   211 |   437 ||   732

Table legend: (Time is in decaauts)
 A = Elapsed time spent in this place.
 B = Non-inter-level travel time spent in this place.
 C = Inter-level travel time spent in this place.
 D = Time resting spent in this place.
 E = Time spent auto-exploring this place.
 F = Levels seen in this place.
 G = Mean time per level.
                   A        B        C        D        E       F      G
               +--------+--------+--------+--------+--------+-----+--------+
         Total |  23524 |  23054 |    470 |   8104 |  12317 |  13 | 1809.5 |
       Dungeon |  20910 |  20479 |    431 |   7465 |  10649 |  11 | 1900.9 |
          Lair |   2614 |   2575 |     39 |    639 |   1667 |   2 | 1307.0 |
               +--------+--------+--------+--------+--------+-----+--------+

Top non-repeatable levels by time:
    D:10: 4151 daAuts
     D:9: 2682 daAuts
     D:8: 2480 daAuts
     D:6: 2435 daAuts
  Lair:1: 2224 daAuts
    D:11: 1812 daAuts
     D:5: 1720 daAuts
     D:4: 1549 daAuts
     D:2: 1299 daAuts
     D:1: 1176 daAuts
     D:3: 884 daAuts
     D:7: 718 daAuts
  Lair:2: 390 daAuts
